 Dungeon Crawl Stone Soup version 0.18.1-8-gdd0e5ea (webtiles) character file.

1701 Gargoyl the Covered (level 8, -7/64 HPs)
             Began as a Demonspawn Abyssal Knight on May 26, 2016.
             Was an Elder of Lugonu.
             Mangled by an orc warrior
             ... wielding a +0 glaive
              (23 damage)
             ... on level 7 of the Dungeon.
             The game lasted 00:14:56 (7145 turns).

Gargoyl the Covered (Demonspawn Abyssal Knight)     Turns: 7145, Time: 00:14:57

Health: -7/64      AC: 17    Str: 14    XL:     8   Next: 73%
Magic:  9/9        EV:  5    Int: 15    God:    Lugonu [****..]
Gold:   355        SH:  0    Dex: 12    Spells: 0 memorised, 7 levels left

rFire  . . .     SeeInvis .     B - +0 war axe (chop)
rCold  + . .     Gourm    .     A - +2 plate armour {rC+}
rNeg   + . .     Faith    .     (no shield)
rPois  .         Spirit   .     (helmet restricted)
rElec  .         Dismiss  .     (no cloak)
rCorr  .         Reflect  .     (no gloves)
SustAt .         Harm     .     i - +1 pair of boots
MR     .....                    o - amulet of regeneration
Stlth  ..........               (no ring)
                                D - ring of positive energy

@: not resistant to hostile enchantments, extremely unstealthy
A: antennae 2, nightstalker 1
a: Depart the Abyss, Bend Space, Banish, Corrupt, Renounce Religion


You were on level 7 of the Dungeon.
You worshipped Lugonu.
Lugonu was greatly pleased with you.
You were not hungry.

You visited 1 branch of the dungeon, and saw 7 of its levels.
You visited the Abyss 1 time.
You also visited: Sewer.

You collected 355 gold pieces.

Inventory:

Hand Weapons
 u - a +0 trident
 y - a +0 blowgun
 B - a +0 war axe of chopping (weapon)
 J - a +2 flail of protection
Missiles
 m - 15 tomahawks (quivered)
 z - 18 poisoned needles
Armour
 i - a +1 pair of boots (worn)
 A - a +2 plate armour of cold resistance (worn)
Jewellery
 n - an uncursed amulet of rage {unknown}
 o - an amulet of regeneration (around neck)
 D - a ring of positive energy (left hand)
 F - an uncursed ring of fire
Wands
 E - a wand of slowing (21/48)
Scrolls
 a - 2 scrolls of amnesia
 e - 3 scrolls of blinking
 f - a scroll of identify
 l - 3 scrolls of remove curse
 v - 2 scrolls of enchant armour
 x - 2 scrolls of magic mapping
Potions
 g - 3 potions of heal wounds
 h - a potion of magic {unknown}
 j - 2 potions of flight {unknown}
 k - a potion of agility {unknown}
 p - a potion of brilliance {unknown}
 r - 2 potions of might
 t - 2 potions of ambrosia {unknown}
 w - 2 potions of lignification {unknown}
 G - a potion of degeneration {unknown}
 I - a potion of haste {unknown}
Comestibles
 b - 6 fruits
 c - 3 bread rations
 q - a beef jerky
 s - a meat ration
 C - a slice of pizza


   Skills:
 + Level 6.0 Fighting
 + Level 5.4 Axes
 + Level 0.3 Throwing
 * Level 6.8 Armour
 + Level 2.8 Dodging
 + Level 1.1 Stealth
 + Level 2.6 Invocations


You had 7 spell levels left.
You didn't know any spells.

Dungeon Overview and Level Annotations

Branches:
Dungeon (7/15)             Temple (0/1) D:4

Altars:
Cheibriados
Elyvilon
Makhleb
Nemelex Xobeh
Qazlal
Ru
Sif Muna
Xom


Innate Abilities, Weirdness & Mutations

You have a pair of antennae on your head.
You are slightly more attuned to the shadows.


Message History

You hit the orc warrior.
The orc warrior is severely wounded.
The orc warrior hits you with a glaive!
* * * LOW HITPOINT WARNING * * *
You hit the orc warrior but do no damage.
The orc warrior is severely wounded.
The orc warrior hits you but does no damage.
Drink which item? (? for menu, Esc to quit)
You feel much better.
The orc warrior hits you but does no damage.
You hit the orc warrior.
The orc warrior is almost dead.
You closely miss the orc warrior.
The orc warrior is almost dead.
The orc warrior hits you with a glaive!
* * * LOW HITPOINT WARNING * * *
You hit the orc warrior but do no damage.
The orc warrior is almost dead.
The orc warrior hits you with a glaive!!
You die...

#####.... .#....#.#
.#....#.##### .#......o...##
### ........#{##.###.##
........#<#.......# .##
.....†..#.#.......# .#...
.....#.o#o#.......###......
...............)@o.....#....
....(............[###.##.#..
#.#..............[[..........
#.#..........#....[..........
............##.#.........#.#.
.....#............##.#......
...............#.........#.#.
..................####.......
..........#..###.....#.######


You could see an orc warrior.

Vanquished Creatures
  The ghost of euphoricsektor the Skirmisher, an amateur HOAK of Lugonu (D:3)
  A sky beast (D:5)
  An ogre (D:4)
  A centaur (D:5)
  2 big kobolds (Sewer)
  A wyvern zombie (D:6)
  3 scorpions
  3 howler monkeys
  A crimson imp (D:5)
  A giant frog zombie (D:6)
  A hound (D:7)
  2 orc priests
  A jelly (D:7)
  A giant frog skeleton (D:6)
  An iguana (D:4)
  7 orc wizards
  2 worker ants
  A human simulacrum (Abyss:1)
  Robin (D:4)
  17 adders
  4 gnolls
  A river rat (Sewer)
  2 shadow imps
  3 oozes (Sewer)
  An adder zombie (D:5)
  6 worms
  2 dart slugs
  3 giant geckos
  23 orcs
  4 bats
  3 giant cockroaches
  15 goblins
  14 hobgoblins
  A quokka (D:5)
  9 ball pythons
  A giant gecko skeleton (D:5)
  4 giant newts
  6 kobolds
  10 rats
161 creatures vanquished.

Notes
Turn   | Place    | Note
--------------------------------------------------------------
     0 | Abyss:1  | Gargoyl the Demonspawn Abyssal Knight began the quest for the Orb.
     0 | Abyss:1  | Reached XP level 1. HP: 18/18 MP: 2/2
    88 | Abyss:1  | Noticed a large abomination
   117 | Abyss:1  | Gained mutation: You have a pair of small antennae on your head. [demonic ancestry]
   117 | Abyss:1  | Reached XP level 2. HP: 9/24 MP: 3/3
   118 | D:1      | Escaped the Abyss
   379 | D:1      | Reached * piety under Lugonu
   379 | D:1      | Reached skill level 1 in Dodging
   634 | D:1      | Reached XP level 3. HP: 29/30 MP: 4/4
  1338 | D:2      | Gained mutation: You are slightly more attuned to the shadows. [demonic ancestry]
  1338 | D:2      | Reached XP level 4. HP: 14/37 MP: 5/5
  1890 | D:2      | Reached ** piety under Lugonu
  2163 | D:3      | Found a deep blue altar of Sif Muna.
  2243 | D:3      | Reached XP level 5. HP: 34/42 MP: 6/6
  2485 | D:3      | Noticed euphoricsektor's ghost (amateur HOAK)
  2884 | D:3      | Found a shimmering altar of Xom.
  2886 | D:3      | Found a stormy altar of Qazlal.
  3107 | D:3      | Found a sparkling altar of Nemelex Xobeh.
  3152 | D:3      | Found a sacrificial altar of Ru.
  3152 | D:3      | Found a burning altar of Makhleb.
  3152 | D:3      | Found a white marble altar of Elyvilon.
  3155 | D:3      | Found a snail-covered altar of Cheibriados.
  3508 | D:4      | Found a staircase to the Ecumenical Temple.
  3677 | D:4      | Noticed an ogre
  3690 | D:4      | Killed an ogre
  3690 | D:4      | Gained mutation: You have a pair of antennae on your head. [demonic ancestry]
  3690 | D:4      | Reached XP level 6. HP: 26/49 MP: 7/7
  4306 | D:4      | Noticed Robin
  4323 | D:4      | Killed Robin
  4323 | D:4      | Reached skill level 1 in Stealth
  4326 | D:4      | Reached *** piety under Lugonu
  4728 | D:3      | Killed euphoricsektor's ghost
  4728 | D:3      | Reached skill level 5 in Fighting
  4728 | D:3      | Reached XP level 7. HP: 23/56 MP: 8/8
  4812 | D:5      | Entered Level 5 of the Dungeon
  4852 | D:5      | Found a glowing drain.
  4871 | Sewer    | Entered a sewer
  5540 | Sewer    | Reached skill level 5 in Armour
  5609 | D:5      | Reached **** piety under Lugonu
  5868 | D:5      | Reached XP level 8. HP: 55/63 MP: 9/9
  6465 | D:6      | Reached skill level 5 in Axes
  7145 | D:7      | Mangled by an orc warrior

Skill      XL: |  1  2  3  4  5  6  7  8 |
---------------+-------------------------+-----
Armour         | 2 3 4 5 6 |  6.8
Dodging        | 1 2 |  2.8
Axes           | 2 3 4 5 |  5.4
Fighting       | 4 5 6 |  6.0
Stealth        | 1 |  1.1
Throwing       | |  0.3
Invocations    | |  2.6

Action                   |  1- 3 |  4- 6 |  7- 9 || total
-------------------------+-------+-------+-------++-------
Melee: Hand axe          |    65 |       |       ||    65
       War axe           |    26 |   262 |   474 ||   762
Throw: Tomahawk          |       |     6 |       ||     6
Invok: Depart the Abyss  |     1 |       |       ||     1
  Use: Potion            |     1 |     3 |     1 ||     5
       Scroll            |       |     8 |     7 ||    15
 Stab: Sleeping          |     1 |     1 |       ||     2
  Eat: Chunk             |     1 |    11 |     8 ||    20
       Bread ration      |       |       |     1 ||     1
Armor: Leather armour    |    38 |    13 |       ||    51
       Chain mail        |       |   122 |       ||   122
       Plate armour      |       |   115 |   475 ||   590
Dodge: Dodged            |    73 |   122 |   117 ||   312
